 Dungeon Crawl Stone Soup version 0.30.0-20-g3615ddf2f0 (webtiles) character file.

Game seed: 7506551758305755

602 qw the Chopper (level 7, -4/43 HPs)
             Began as a Gargoyle Fighter on May 29, 2023.
             Slain by an ogre
             ... wielding a +0 giant club
              (10 damage)
             ... on level 5 of the Dungeon.
             The game lasted 00:02:02 (4407 turns).

qw the Chopper (Gargoyle Fighter)                   Turns: 4407, Time: 00:02:03

Health: -4/43      AC: 17    Str: 21    XL:     7   Next: 41%
Magic:  7/7        EV:  6    Int:  9    God:
Gold:   218        SH:  4    Dex:  9    Spells: 6/6 levels left

rFire   . . .        Y - +1 war axe
rCold   + . .        c - +0 buckler
rNeg    + . .        e - +0 plate armour
rPois   inf          k - +0 hat {Will+}
rElec   +            (no cloak)
rCorr   .            (no gloves)
SInv    .            a - +0 pair of boots
Will    +....        (no amulet) Stlth
                     m - ring of protection from cold
HPRegen 0.27/turn    (no ring)
MPRegen 0.10/turn

%: no passive effects
@: about to teleport
A: sickness immunity, AC +4, negative energy resistance 1, electricity
resistance, torment resistance 1, petrification resistance
a: no special abilities


You were on level 5 of the Dungeon.
You visited 2 branches of the dungeon, and saw 6 of its levels.

You collected 218 gold pieces.


Innate Abilities, Weirdness & Mutations

You are immune to sickness and miasma.
Your stone body is resilient. (AC +4)
You are immune to poison.
You resist negative energy. (rN+)
You are resistant to electric shocks. (rElec)
You are resistant to unholy torment.
You are immune to petrification.


   Skills:
 - Level 4.0 Fighting
 + Level 6.7 Axes
 - Level 4.0 Armour
 - Level 3.2 Shields


You had 6 spell levels left.
You didn't know any spells.
Your spell library was empty.

Inventory:

Hand Weapons
 j - a +0 flail
 Y - a +1 war axe (weapon)
Missiles
 b - 4 boomerangs (quivered)
Armour
 a - a +0 pair of boots (worn)
 c - a +0 buckler (worn)
 e - a +0 plate armour (worn)
 k - a +0 hat of willpower (worn)
Jewellery
 m - a ring of protection from cold (left hand)
Scrolls
 l - a scroll of teleportation
 n - a scroll of torment {unknown}
Potions
 d - a potion of might
 f - a potion of curing
 g - a potion of cancellation {unknown}
 h - a potion of resistance {unknown}
 i - a potion of mutation {unknown}
 o - a potion of haste {unknown}

Dungeon Overview and Level Annotations

Branches:
Dungeon (5/15)             Temple (1/1) D:4

Altars:
Ashenzari
Cheibriados
Elyvilon
Fedhas
Gozag
Hepliaklqana
Kikubaaqudgha
Makhleb
Nemelex Xobeh
Qazlal
Ru
Sif Muna
Uskayaw
Vehumet
Wu Jian
Xom
Yredelemnul
Zin
The Shining One


Message History

You slash the iguana!
You kill the iguana!
You start resting.
HP restored.
An ogre and an iguana come into view.
Found three items.
The ogre shouts!
The iguana hisses angrily.
You see here an iguana corpse.
Enter note:
Enter note: You throw a boomerang.
The boomerang hits the ogre.
The ogre is lightly wounded.
You throw a boomerang. The boomerang barely misses the ogre.
You throw a boomerang.
The boomerang hits the ogre but does no damage.
The ogre is lightly wounded.
You throw a boomerang.
The boomerang hits the iguana but does no damage.
You closely miss the iguana. The iguana bites you!
You hit the ogre.
The ogre is lightly wounded.
You slash the iguana! The ogre hits you with a +0 giant club.
The iguana bites you.
You hit the iguana but do no damage.
The iguana is severely wounded.
You barely miss the ogre.
The iguana bites you but does no damage.
The ogre hits you with a +0 giant club!!
You hit the iguana.
The iguana is severely wounded.
You barely miss the ogre. The iguana bites you.
4407 ||| READING 2 scrolls of teleportation.
As you read the scroll of teleportation, it crumbles to dust.
You feel strangely unstable.
The iguana hisses menacingly.
The iguana bites you but does no damage.
The ogre hits you with a +0 giant club!
You die...

....?.........#
..............#
..............#
.........!....#
..............#
...............
!.?.....l......
#.@O......#
#.##......#
#.##......#
#..#>.....#
##.#.....># #
#.#......# #
### #.#......#
## #..
#.#......# .###
#.# #.#..#####


You could see an ogre and an iguana.

Vanquished Creatures
  An ice beast (D:3)
  A black bear (D:5)
  2 hounds (D:4)
  A jelly (D:5)
  A sleepcap (D:4)
  3 iguanas
  An orc wizard (D:3)
  7 adders
  4 gnolls
  2 worms (D:2)
  3 dart slugs
  4 orcs (D:3)
  5 bats
  6 endoplasms
  3 giant cockroaches
  7 goblins
  10 hobgoblins
  6 jackals
  3 quokkas
  8 ball pythons
  5 frilled lizards
  8 kobolds
  11 rats
102 creatures vanquished.

Notes
Turn   | Place    | Note
-------+----------+-------------------------------------------
     0 | D:1      | qw the Gargoyle Fighter began the quest for the Orb.
     0 | D:1      | Reached XP level 1. HP: 14/14 MP: 1/1
     0 | D:1      | 0 ||| qw: Version: 0.2-a-101-gf424e7f
     0 | D:1      | 0 ||| qw: Game counter: 359
     0 | D:1      | 0 ||| qw: Always use a shield: true
     0 | D:1      | 0 ||| qw: God list: Okawaru
     0 | D:1      | 0 ||| qw: Allow faded altars: false
     0 | D:1      | 0 ||| qw: Do Orc after D:15 true
     0 | D:1      | 0 ||| qw: Do second Lair branch before Depths: true
     0 | D:1      | 0 ||| qw: Lair rune preference: random
     0 | D:1      | 0 ||| qw: Plans: Normal, Zot:1-4, Slime:5, God:TSO, Crypt,
                  | Tomb, Pan, Hells, Abyss, Win
     0 | D:1      | 0 ||| PLANNING D:1-11
    55 | D:1      | Reached skill level 2 in Axes
   105 | D:1      | 105 ||| Stepping ~*~*~tactically~*~*~ (hiding).
   149 | D:1      | Reached XP level 2. HP: 19/19 MP: 2/2
   254 | D:1      | 254 ||| Stepping ~*~*~tactically~*~*~ (stealth).
   256 | D:1      | 256 ||| Stepping ~*~*~tactically~*~*~ (stealth).
   288 | D:1      | Reached skill level 3 in Axes
   376 | D:1      | Found a faded altar of an unknown god.
   410 | D:1      | Reached XP level 3. HP: 22/23 MP: 3/3
   462 | D:1      | 462 ||| Stepping ~*~*~tactically~*~*~ (stealth).
   480 | D:1      | 480 ||| Stepping ~*~*~tactically~*~*~ (stealth).
   514 | D:1      | 514 ||| Stepping ~*~*~tactically~*~*~ (stealth).
   591 | D:1      | 591 ||| Stepping ~*~*~tactically~*~*~ (stealth).
   594 | D:1      | 594 ||| Stepping ~*~*~tactically~*~*~ (stealth).
   685 | D:1      | 685 ||| DROPPING orb of guile.
   686 | D:1      | 686 ||| DROPPING amulet of faith.
   687 | D:1      | 687 ||| READING scroll labelled SINKESO IWECLA.
   688 | D:1      | 688 ||| READING scroll labelled DIPESTR TIT QIA.
   691 | D:1      | 691 ||| READING scroll labelled PUNEOW ARAAFI.
   919 | D:2      | Reached XP level 4. HP: 28/28 MP: 4/4
   978 | D:2      | 978 ||| Stepping ~*~*~tactically~*~*~ (hiding).
  1210 | D:2      | 1210 ||| Stepping ~*~*~tactically~*~*~ (stealth).
  1214 | D:2      | Reached skill level 4 in Axes
  1267 | D:2      | You fall into a shaft and drop 2 floors!
  1292 | D:4      | Found a staircase to the Ecumenical Temple.
  1293 | D:4      | 1293 ||| PLANNING TEMPLE
  1293 | D:4      | 1293 ||| UPGRADING to +0 pair of boots.
  1298 | D:4      | 1298 ||| UPGRADING to +0 plate armour.
  1308 | D:4      | 1308 ||| DROPPING +0 scale mail.
  1309 | D:4      | 1309 ||| DRINKING 2 metallic pink potions.
  1310 | D:4      | 1310 ||| DROPPING potion of degeneration.
  1319 | Temple   | Entered the Ecumenical Temple
  1388 | Temple   | 1388 ||| PLANNING D:1-11
  1409 | D:3      | Noticed an ice beast
  1426 | D:3      | HP: 5/28 [ice beast (11)]
  1427 | D:3      | Killed an ice beast
  1428 | D:3      | Reached skill level 5 in Axes
  1428 | D:3      | Reached XP level 5. HP: 6/32 MP: 5/5
  1646 | D:3      | Reached XP level 6. HP: 23/38 MP: 6/6
  1724 | D:3      | 1724 ||| DROPPING +0 club.
  1819 | D:3      | 1819 ||| READING scroll labelled MURIYNKOAT.
  1820 | D:3      | 1820 ||| READING scroll labelled POVVEOSTREESI.
  1821 | D:3      | 1821 ||| READING 3 scrolls labelled SINIAB GAEFO.
  1822 | D:3      | 1822 ||| DROPPING 2 scrolls of fear.
  1927 | D:2      | 1927 ||| Stepping ~*~*~tactically~*~*~ (stealth).
  1928 | D:2      | 1928 ||| Stepping ~*~*~tactically~*~*~ (stealth).
  2294 | D:3      | HP: 7/38 [gnoll/+0 spear (7)]
  2443 | D:3      | Found a glowing golden altar of the Shining One.
  2690 | D:3      | 2690 ||| Stepping ~*~*~tactically~*~*~ (hiding).
  2875 | D:3      | Noticed a +0 spear
  2876 | D:3      | Noticed a +0 dagger
  2876 | D:3      | Noticed a +0 falchion
  2877 | D:3      | Noticed a +0 spear
  2878 | D:3      | Noticed a +0 falchion
  2878 | D:3      | Noticed a +0 short sword
  2878 | D:3      | Noticed a +0 short sword
  2879 | D:3      | Noticed a +0 dagger
  2880 | D:3      | Found a hide-covered altar of Uskayaw.
  3064 | D:3      | 3064 ||| READING scroll labelled TAYCHO UJEN.
  3065 | D:3      | 3065 ||| DRINKING 2 blue potions.
  3193 | D:4      | 3193 ||| Stepping ~*~*~tactically~*~*~ (hiding).
  3194 | D:4      | 3194 ||| Stepping ~*~*~tactically~*~*~ (hiding).
  3548 | D:4      | Identified the +10 sling of Reapportionment {drain, rPois
                  | rF++ Dex+6}
  3604 | D:4      | Reached skill level 6 in Axes
  4015 | D:4      | 4015 ||| UPGRADING to +0 hat of willpower.
  4020 | D:4      | 4020 ||| UPGRADING to ring of protection from cold.
  4021 | D:4      | 4021 ||| READING scroll labelled AMENTUSIQI.
  4022 | D:4      | 4022 ||| READING scroll labelled HUR DUHAENWERUBU.
  4070 | D:5      | Entered Level 5 of the Dungeon
  4074 | D:5      | 4074 ||| STAIRDANCE
  4079 | D:4      | Reached XP level 7. HP: 16/43 MP: 7/7
  4286 | D:5      | Found a sacrificial altar of Ru.
  4289 | D:5      | Found a broken altar of Ashenzari.
  4289 | D:5      | Found a glowing silver altar of Zin.
  4289 | D:5      | Found a sparkling altar of Nemelex Xobeh.
  4290 | D:5      | Found a white marble altar of Elyvilon.
  4290 | D:5      | Found an opulent altar of Gozag.
  4291 | D:5      | Found a radiant altar of Vehumet.
  4291 | D:5      | Found a hazy altar of Hepliaklqana.
  4291 | D:5      | Found a snail-covered altar of Cheibriados.
  4406 | D:5      | HP: 6/43 [iguana (6)]
  4407 | D:5      | 4407 ||| READING 2 scrolls of teleportation.
  4407 | D:5      | Slain by an ogre

Levels and vault maps discovered:
D:1:      grunt_arrival_lava_bath, layout_basic,
          dilly_ecumenical_altar_fadedgnrine, hangedman_decor_push
D:2:      layout_basic
D:3:      layout_basic, nicolae_tso_carved_into_rock, nicolae_uskayaw_en_pointe
D:4:      layout_gridville, minmay_temple_entry_butterflies
D:5:      layout_rooms, nicolae_overflows_in_rows, uniq_ijyb
Temple:   nicolae_temple_colour_theory

Skill      XL: |  1  2  3  4  5  6 |
---------------+-------------------+-----
Axes           | 2 3 5 6 |  6.7
Fighting       | 4 |  4.0
Armour         | 4 |  4.0
Shields        | |  3.2

Action                     |  1- 3 |  4- 6 |  7- 9 || total
---------------------------+-------+-------+-------++-------
  Melee: War axe           |    95 |   207 |    21 ||   323
  Throw: Boomerang         |       |    39 |     9 ||    48
    Use: Scroll            |     3 |     6 |     1 ||    10
         Potion            |       |     2 |       ||     2
 Armour: Scale mail        |    51 |    20 |       ||    71
         Plate armour      |       |   145 |    14 ||   159
  Dodge: Dodged            |    48 |    61 |     4 ||   113
  Block: Buckler           |    20 |    43 |     4 ||    67

Table legend:
 A = Non-vault XP
 B = Vault XP
 C = Vault XP percentage of total XP
 D = Non-vault monster count
 E = Vault monster count
 F = Vault count percentage of total count
                 A         B        C        D         E       F
            +---------+---------+-------+---------+---------+-------
      Total |     860 |       0 |   0.0 |     102 |       0 |   0.0
            +---------+---------+-------+---------+---------+-------
        D:1 |      62 |       0 |   0.0 |      31 |       0 |   0.0
        D:2 |      76 |       0 |   0.0 |      26 |       0 |   0.0
        D:3 |     329 |       0 |   0.0 |      31 |       0 |   0.0
        D:4 |     195 |       0 |   0.0 |      11 |       0 |   0.0
        D:5 |     198 |       0 |   0.0 |       3 |       0 |   0.0
            +---------+---------+-------+---------+---------+-------
